AoeStats
← munozbwoy

Arabia

507804491Analyzed
3v3 RM · 13d ago on Sep 19, 2026· 70m 16s· 6 players
Game mode
Random Map
Map size
Normal (6 player)
Population
200
Speed
Normal
Resources
Standard
Victory
Conquest
Starting age
Dark Age
Ending age
Imperial Age
RankedLock teamsTeams togetherTeam positionsShared explorationLock speedFull tech treeHidden civsTurbo modeCheats
Victory
Defeat
🇪🇸 Turks · Spain
933
+12
🇦🇷 Britons · Argentina
842
+16
🇦🇷 Cumans · Argentina
716
+21
🇵🇦 Ethiopians · Panama
853
-17
🇸🇻 Italians · El Salvador
835
-22
🇸🇻 Poles · El Salvador
831
-22
stabmill
6:57 Loom
10:06 Feudal Age
11:01 Double-Bit Axe
14:57 Gold Mining
18:51 Castle Age
17:49 Fletching
19:31 Padded Archer Armor
20:30 Wheelbarrow
20:50 Bow Saw
20:46 Bodkin Arrow
21:09 Leather Archer Armor
20:21 Crossbowman
24:32 Horse Collar
25:36 Ballistics
26:09 Leather Archer Armor
27:58 Hand Cart
29:48 Heavy Plow
38:23 Imperial Age
37:34 Stone Mining
38:19 Gold Shaft Mining
42:26 Two-Man Saw
41:30 Bracer
42:00 Ring Archer Armor
40:54 Arbalester
42:44 Chemistry
41:50 Siege Engineers
41:56 Masonry
41:42 Murder Holes
41:28 Treadmill Crane
44:16 Yeomen
44:20 Conscription
44:22 Elite Skirmisher
53:09 Guilds
52:34 Elite Longbowman
60:27 Scale Barding Armor
61:32 Chain Barding Armor
61:20 Light Cavalry
munozbwoy
0:46 Loom
9:53 Feudal Age
17:45 Horse Collar
18:10 Double-Bit Axe
23:11 Bloodlines
24:30 Scale Barding Armor
24:25 Scale Mail Armor
24:38 Forging
26:44 Castle Age
31:27 Bow Saw
37:38 Stone Mining
50:54 Coinage
50:25 Caravan
59:15 Light Cavalry
aaroncete3666
11:43 Feudal Age
15:32 Castle Age
15:18 Double-Bit Axe
15:18 Horse Collar
16:34 Loom
18:16 Gold Mining
28:06 Scale Barding Armor
28:11 Forging
28:57 Fletching
29:17 Heavy Plow
34:56 Bodkin Arrow
35:01 Padded Archer Armor
35:15 Scale Mail Armor
35:35 Chain Barding Armor
39:59 Imperial Age
38:11 Leather Archer Armor
38:08 Bow Saw
38:33 Chain Barding Armor
40:23 Elite Janissary
42:04 Bombard Tower
42:06 Ballistics
42:42 Iron Casting
46:25 Murder Holes
47:10 Gold Shaft Mining
50:02 Bracer
50:33 Ring Archer Armor
51:03 Blast Furnace
50:38 Plate Barding Armor
49:29 Cavalier
50:10 Husbandry
50:21 Bloodlines
53:21 Stone Mining
54:33 Two-Man Saw
DJ ANDRESIN
5:15 Loom
14:12 Feudal Age
15:15 Double-Bit Axe
19:28 Castle Age
17:20 Horse Collar
19:26 Forging
20:50 Wheelbarrow
21:12 Bloodlines
21:04 Husbandry
21:22 Scale Mail Armor
21:48 Light Cavalry
24:08 Iron Casting
23:48 Chain Mail Armor
24:20 Scale Barding Armor
25:55 Hand Cart
27:06 Town Watch
29:06 Heavy Plow
29:23 Chain Mail Armor
29:31 Chain Barding Armor
35:34 Town Patrol
35:32 Arson
41:32 Szlachta Privileges
41:38 Murder Holes
42:04 Ballistics
46:59 Treadmill Crane
51:34 Imperial Age
50:14 Masonry
52:08 Capped Ram
53:57 Chemistry
52:46 Cavalier
54:42 Padded Archer Armor
55:20 Conscription
PlasteredPlace01
7:35 Loom
10:28 Feudal Age
11:35 Double-Bit Axe
20:24 Castle Age
18:56 Fletching
20:51 Padded Archer Armor
22:29 Thumb Ring
22:33 Bodkin Arrow
23:33 Leather Archer Armor
23:49 Squires
23:35 Arson
24:26 Crossbowman
33:09 Horse Collar
34:12 Wheelbarrow
33:23 Town Watch
37:26 Scale Mail Armor
37:36 Forging
39:59 Imperial Age
39:30 Elite Skirmisher
41:07 Arbalester
42:55 Ballistics
43:36 Chemistry
43:48 Bracer
45:38 Ring Archer Armor
47:49 Chain Mail Armor
48:09 Iron Casting
47:00 Halberdier
56:34 Siege Engineers
59:06 Bow Saw
63:38 Plate Mail Armor
63:44 Iron Casting
63:27 Hand Cart
63:12 Town Patrol
68:49 Gold Mining
68:49 Stone Mining
diegoalvarios
9:12 Loom
10:57 Feudal Age
12:54 Double-Bit Axe
23:18 Castle Age
21:32 Fletching
21:43 Padded Archer Armor
21:44 Scale Mail Armor
21:42 Horse Collar
22:20 Gold Mining
23:24 Crossbowman
25:14 Thumb Ring
39:17 Wheelbarrow
38:27 Town Watch
38:48 Heavy Plow
45:34 Bodkin Arrow
45:54 Leather Archer Armor
54:01 Ballistics
56:01 Hand Cart
55:46 Town Patrol
58:40 Forging
58:47 Chain Mail Armor
59:24 Pikeman
60:04 Squires
66:02 Caravan
Connection lost

Rejoining the realm…

Still unreachable

The connection could not be restored.

Session expired

The server has moved on; the page needs a fresh start.